 Dungeon Crawl Stone Soup version 0.19.0-19-g8c6edcc (webtiles) character file.

15230 dobroeutro the Severer (level 11, -24/89 HPs)
             Began as a Minotaur Berserker on Nov 12, 2016.
             Was a High Priest of Trog.
             Annihilated by a cyclops (35 damage)
             ... on level 11 of the Dungeon.
             The game lasted 00:19:28 (9760 turns).

dobroeutro the Severer (Minotaur Berserker)         Turns: 9760, Time: 00:19:28

Health: -24/89     AC: 17    Str: 21    XL:     11   Next: 99%
Magic:  10/10      EV: 11    Int:  2    God:    Trog [*****.]
Gold:   899        SH:  0    Dex: 14    Spells: 0 memorised, 10 levels left

rFire  + . .     SeeInvis +     K - -1 mace of Variability {chaos}
rCold  . . .     Gourm    +     G - +4 plate armour
rNeg   . . .     Faith    .     (shield currently unavailable)
rPois  .         Spirit   .     (helmet restricted)
rElec  .         Reflect  .     (no cloak)
rCorr  .         Harm     .     g - +1 pair of gloves
MR     .....     Rnd*Tele +     (no boots)
Stlth  ..........               b - amulet of the gourmand
                                (no ring)
                                w - ring of see invisible

@: no status effects
A: retaliatory headbutt, horns 2, iridescent scales 1, deformed body, dopey 1,
fire resistance 1, frail 1, teleportitis 1, subdued magic 1
a: Berserk, Trog's Hand, Brothers in Arms, Burn Spellbooks, Renounce Religion


You were on level 11 of the Dungeon.
You worshipped Trog.
Trog was extremely pleased with you.
You were completely stuffed.

You visited 1 branch of the dungeon, and saw 11 of its levels.

You collected 899 gold pieces.

Inventory:

Hand Weapons
 B - a +1 war axe
 K - the -1 mace of Variability (weapon) {chaos}
   (You found it on level 10 of the Dungeon)

   Each time it hits an enemy it has a different, random effect.
Armour
 g - a +1 pair of gloves (worn)
 G - a +4 plate armour (worn)
Jewellery
 b - an amulet of the gourmand (around neck)
 w - a ring of see invisible (left hand)
Wands
 u - a wand of lightning (14/15)
 v - a wand of digging (19/24)
 y - a wand of confusion (30/48)
 z - a wand of polymorph (18/24)
 E - a wand of confusion (8/48)
 F - a wand of polymorph (10/24)
 I - a wand of flame (20/48)
 J - a wand of confusion (30/48)
 N - a wand of slowing (11/48)
 P - a wand of acid (10/15)
 Q - a wand of flame (30/48)
Scrolls
 d - 3 scrolls of enchant weapon
 e - a scroll of magic mapping
 f - 4 scrolls of fog
 h - a scroll of fear {unknown}
 i - 6 scrolls of identify
 n - 4 scrolls of amnesia
 p - a scroll of random uselessness
 r - 4 scrolls of remove curse
 s - 4 scrolls of recharging
 H - 3 scrolls of blinking
 S - a scroll of teleportation
 T - a scroll of holy word {unknown}
Potions
 a - 3 potions of berserk rage
 k - 2 potions of brilliance
 m - a potion of magic
 o - a potion of curing
 q - a potion of ambrosia
 t - a potion of haste
 x - 2 potions of heal wounds
 A - a potion of resistance
 C - a potion of invisibility
 M - a potion of might {unknown}
Books
 O - Yfufunuo's Last Volume of Boris
   (You found it on level 10 of the Dungeon)

   Spells                             Type                      Level
   a - Dragon's Call                  Summoning                    9
   Trog disapproves of the use of such an item.
Comestibles
 c - 3 bread rations
 j - 4 meat rations
 l - 9 beef jerkies
 D - 2 slices of pizza
 L - 10 royal jellies


   Skills:
 + Level 9.9 Fighting
 * Level 16.3 Axes
 + Level 9.5 Armour
 + Level 9.0 Dodging


You had 10 spell levels left.
You didn't know any spells.

Dungeon Overview and Level Annotations

Branches:
Dungeon (11/15)            Temple (0/1) D:5            Lair (0/6) D:10
    Orc: D:9-12

Altars:
Fedhas
Makhleb
Ru
Xom
Yredelemnul
The Shining One

Annotations:
D:6 Prince Ribbit


Innate Abilities, Weirdness & Mutations

You reflexively headbutt those who attack you in melee.
You have a pair of horns on your head.
You are partially covered in iridescent scales. (AC +2)
Armour fits poorly on your strangely shaped body.
You are dopey. (Int -2)
Your flesh is heat resistant. (rF+)
You are frail. (-10% HP)
You are occasionally teleported next to monsters.
Your spells are a little easier to cast, but a little less powerful.


Message History

You hit the cyclops.
You feel better.
The cyclops is lightly wounded.
You sock the cyclops!
The cyclops goes berserk!
The cyclops is moderately wounded.
The cyclops barely misses you. The cyclops hits you!!
* * * LOW HITPOINT WARNING * * *
You sock the cyclops!
The cyclops seems to slow down.
The cyclops is heavily wounded.
Your plate armour prevents you from hitting the cyclops.
The cyclops is heavily wounded.
The cyclops barely misses you.
You hit the cyclops but do no damage.
The cyclops is heavily wounded.
The cyclops barely misses you.
You hit the cyclops.
The cyclops is poisoned.
The cyclops is heavily wounded.
You sock the cyclops! You freeze the cyclops.
The cyclops is almost dead.
The cyclops hits you!!
You die...

#....#
....%.........
#....#
..........)....
#....#
...............
#....#
#...##...###..#
#...(####...##...
####
#................
#................
#......C.........
#.....@##(..##..
#......##)..#
#......#.......
#......#.........
#......##...C>...
#......##........
#......#######...
#......## ...
#.......#


You could see a cyclops (berserk).

Vanquished Creatures
  A hydra (D:10)
  Erica (D:8)
  A death knight (D:10)
  A tengu warrior (D:10)
  2 unseen horrors
  3 hill giants
  Pikel (D:5)
  An elephant (D:10)
  2 gargoyles (D:10)
  A komodo dragon (D:10)
  2 trolls
  A hornet (D:9)
  A two-headed ogre (D:10)
  4 hippogriffs
  2 yaks (D:10)
  A vampire (D:11)
  A chaos spawn (D:10)
  Eustachio (D:5)
  A steam dragon (D:10)
  A hungry ghost (D:10)
  Edmund (D:6)
  A mottled dragon (D:10)
  3 soldier ants
  A water moccasin (D:10)
  Duvessa (D:6)
  An orc warrior (D:7)
  4 slaves
  4 sky beasts
  A necrophage (D:9)
  2 black bears
  2 ice beasts
  8 ogres
  3 crocodiles
  2 centaurs
  A big kobold (D:10)
  4 bullfrogs
  Dowan (D:6)
  4 scorpions
  11 killer bees
  4 wights (D:10)
  8 howler monkeys
  4 crimson imps
  2 bullfrog zombies (D:10)
  3 orc priests
  3 hounds
  2 jellies
  3 bullfrog skeletons
  2 centaur skeletons
  7 orc wizards
  7 iguanas
  8 worker ants
  A hound skeleton (D:6)
  A worker ant zombie (D:6)
  Robin (D:4)
  8 gnolls
  A howler monkey zombie (D:10)
  15 adders
  An adder zombie (D:9)
  A worm (D:3)
  A dart slug (D:2)
  8 leopard geckos
  44 orcs
  5 giant cockroaches
  15 goblins
  17 hobgoblins
  2 jackals (D:10)
  5 quokkas
  4 bats
  4 frilled lizards
  2 gnoll zombies (D:2)
  4 kobolds
  2 quokka skeletons
  A quokka zombie (D:9)
  5 rats
285 creatures vanquished.

Vanquished Creatures (collateral kills)
  A chaos spawn (D:10)
1 creature vanquished.

Vanquished Creatures (others)
  A bullfrog skeleton (D:11)
1 creature vanquished.

Grand Total: 287 creatures vanquished

Notes
Turn   | Place    | Note
-------+----------+-------------------------------------------
     0 | D:1      | dobroeutro the Minotaur Berserker began the quest for the Orb.
     0 | D:1      | Reached XP level 1. HP: 19/19 MP: 0/0
    52 | D:1      | Reached skill level 4 in Axes
   291 | D:1      | Reached XP level 2. HP: 26/26 MP: 1/1
   759 | D:2      | Reached skill level 5 in Axes
   798 | D:2      | Reached XP level 3. HP: 27/31 MP: 2/2
   804 | D:2      | Reached ** piety under Trog
   864 | D:2      | Reached XP level 4. HP: 31/39 MP: 3/3
   901 | D:2      | Reached skill level 6 in Axes
  1059 | D:2      | Found a basalt altar of Yredelemnul.
  1527 | D:3      | You fall through a shaft for 2 floors!
  1527 | D:5      | Entered Level 5 of the Dungeon
  1610 | D:5      | Noticed a slave
  1655 | D:4      | Noticed an ogre
  1661 | D:4      | Killed an ogre
  1661 | D:4      | Reached skill level 7 in Axes
  1661 | D:4      | Reached XP level 5. HP: 45/45 MP: 4/4
  1959 | D:3      | Reached *** piety under Trog
  1959 | D:3      | Reached skill level 8 in Axes
  2182 | D:3      | Found a sacrificial altar of Ru.
  2275 | D:4      | Reached XP level 6. HP: 51/51 MP: 5/5
  2474 | D:4      | Noticed Robin
  2484 | D:4      | Killed Robin
  2550 | D:4      | Reached skill level 9 in Axes
  2663 | D:4      | Found a burning altar of Makhleb.
  2883 | D:4      | Reached XP level 7. HP: 57/57 MP: 6/6
  2993 | D:5      | Noticed Pikel
  3088 | D:5      | Reached skill level 10 in Axes
  3169 | D:5      | Noticed Eustachio
  3184 | D:5      | Killed Eustachio
  3303 | D:5      | Killed Pikel
  3303 | D:5      | Reached skill level 12 in Axes
  3303 | D:5      | Reached XP level 8. HP: 61/64 MP: 7/7
  3593 | D:5      | Found a staircase to the Ecumenical Temple.
  3858 | D:6      | Reached **** piety under Trog
  3958 | D:6      | Noticed Edmund
  3976 | D:6      | Killed Edmund
  4148 | D:6      | Noticed Dowan
  4149 | D:6      | Noticed Duvessa
  4157 | D:6      | Killed Duvessa
  4157 | D:6      | Reached skill level 5 in Fighting
  4162 | D:6      | Killed Dowan
  4269 | D:6      | Reached XP level 9. HP: 71/74 MP: 8/8
  4328 | D:6      | Noticed Prince Ribbit
  4750 | D:7      | Reached skill level 5 in Armour
  4852 | D:7      | Found a blossoming altar of Fedhas.
  4993 | D:7      | Reached skill level 5 in Dodging
  5228 | D:7      | Reached skill level 13 in Axes
  5536 | D:8      | Noticed Erica
  5544 | D:8      | Killed Erica
  5544 | D:8      | Reached XP level 10. HP: 84/84 MP: 9/9
  5587 | D:8      | Found a glowing golden altar of the Shining One.
  5957 | D:9      | Reached ***** piety under Trog
  6016 | D:9      | Gained mutation: Your spells are a little easier to cast, but a little less powerful. [mutagenic meat]
  6017 | D:9      | Gained mutation: You are frail. (-10% HP) [mutagenic meat]
  6018 | D:9      | Gained mutation: Scrolls take you a little longer to read. [mutagenic meat]
  6019 | D:9      | Gained mutation: Your flesh is heat resistant. (rF+) [mutagenic meat]
  6174 | D:9      | Reached skill level 14 in Axes
  6175 | D:9      | Paralysed by a hornet for 3 turns
  6693 | D:9      | Gained mutation: You are occasionally teleported next to monsters. [mutagenic meat]
  6695 | D:9      | Gained mutation: Armour fits poorly on your strangely shaped body. [mutagenic meat]
  6809 | D:9      | Gained mutation: You are dopey. (Int -2) [potion of mutation]
  6809 | D:9      | Gained mutation: You are partially covered in iridescent scales. (AC +2) [potion of mutation]
  6810 | D:9      | Lost mutation: Scrolls take you a little longer to read. [potion of mutation]
  6880 | D:10     | Entered Level 10 of the Dungeon
  6880 | D:10     | Found a staircase to the Lair.
  6880 | D:10     | Noticed an elephant
  6882 | D:10     | Noticed a gargoyle
  6890 | D:10     | Killed an elephant
  6894 | D:10     | Killed a gargoyle
  7590 | D:10     | Reached XP level 11. HP: 85/85 MP: 10/10
  7650 | D:10     | Noticed an unseen horror
  7653 | D:10     | Reached skill level 15 in Axes
  7661 | D:10     | Killed an unseen horror
  7661 | D:10     | Received a gift from Trog
  7689 | D:10     | Noticed a four-headed hydra
  7700 | D:10     | Killed a nine-headed hydra
  7872 | D:10     | Found a shimmering altar of Xom.
  7906 | D:10     | Noticed a tengu warrior
  7923 | D:10     | Killed a tengu warrior
  7931 | D:10     | Noticed a death knight
  7937 | D:10     | Found a shimmering altar of Xom.
  7944 | D:10     | Paralysed by a chaos spawn for 5 turns
  8369 | D:10     | Killed a death knight
  8813 | D:10     | Identified Yfufunuo's Last Volume of Boris
  8875 | D:10     | Noticed a hill giant
  8880 | D:10     | Killed a hill giant
  9116 | D:10     | Reached skill level 16 in Axes
  9260 | D:10     | Noticed a hill giant
  9272 | D:10     | Killed a hill giant
  9308 | D:11     | Noticed an unseen horror
  9313 | D:11     | Killed an unseen horror
  9387 | D:11     | Noticed a hill giant
  9392 | D:11     | Killed a hill giant
  9760 | D:11     | Annihilated by a cyclops

Skill      XL: |  1  2  3  4  5  6  7  8  9 10 11 |
---------------+----------------------------------+-----
Axes           | 4 5 7 8 9 12 13 14 16 | 16.3
Fighting       | 5 6 8 9 |  9.9
Armour         | 4 6 8 9 |  9.5
Dodging        | 4 5 7 9 |  9.0

Action                   |  1- 3 |  4- 6 |  7- 9 | 10-12 || total
-------------------------+-------+-------+-------+-------++-------
Melee: Hand axe          |    52 |   137 |    47 |       ||   236
       Headbutt          |     7 |    21 |    54 |    82 ||   164
       War axe           |       |       |   239 |   281 ||   520
       Great mace        |       |       |       |   107 ||   107
Invok: Berserk           |     1 |     2 |     4 |     7 ||    14
       Burn Spellbooks   |       |       |     1 |     1 ||     2
       Brothers in Arms  |       |       |       |     1 ||     1
  Use: Scroll            |       |       |    10 |     8 ||    18
       Potion            |       |       |       |     7 ||     7
 Stab: Sleeping          |       |     1 |       |       ||     1
       Distracted        |       |       |       |     1 ||     1
       Petrified         |       |       |       |     1 ||     1
  Eat: Chunk             |       |    21 |    12 |    33 ||    66
Armor: Animal skin       |    12 |    11 |       |       ||    23
       Chain mail        |       |    19 |    88 |       ||   107
       Plate armour      |       |       |    31 |   269 ||   300
Dodge: Dodged            |    36 |    63 |   110 |   189 ||   398
